 Dungeon Sprint DCSS version 0.29-a0-925-g0a7a3d12f8 (webtiles) character file.

Game seed: 11793827531974720565

993 Hipnos the Carver (level 8, -1/71 HPs)
             Began as a Gnoll Chaos Knight on July 29, 2022.
             Was a Plaything of Xom.
             Shot with a bolt by a yaktaur (15 damage)
             ... in the Dungeon (Sprint II: "The Violet Keep of Menkaure").
             The game lasted 00:09:14 (1231 turns).

Hipnos the Carver (Gnoll Chaos Knight)              Turns: 1231, Time: 00:09:17

Health: -1/71      AC:  6    Str: 11    XL:     8   Next: 19%
Magic:  7/17       EV: 13    Int: 15    God:    Xom [...*..]
Gold:   186        SH:  0    Dex: 11    Spells: 10/20 levels left

rFire   + . .      SeeInvis .   a - +0 falchion (chaos)
rCold   . . .      Faith    .   (no shield)
rNeg    . . .      Spirit   .   b - +2 leather armour
rPois   .          Reflect  .   (no helmet)
rElec   .          Harm     .   (no cloak)
rCorr   .          Rampage  .   (no gloves)
Will    .....      NoTele   +   (no boots)
Stlth   +++.......              j - amulet of regeneration
HPRegen 1.01/turn               d - ring of fire
MPRegen 0.15/turn               u - ring of protection from cold

@: lethally poisoned (-1 -> -7), very slightly contaminated, slowed, very slow
A: fangs 1, strong nose, distributed training
a: Renounce Religion


You were in the Dungeon.
You worshipped Xom.
You were a favourite toy of Xom.
You visited 1 branch You collected 865 gold pieces.
You spent 679 gold pieces at shops.

Inventory:

Hand Weapons
 a - a +0 falchion of chaos (weapon)
 m - a +0 mace
Armour
 b - a +2 leather armour (worn)
Jewellery
 d - a ring of fire (left hand)
 j - an amulet of regeneration (around neck)
 p - a ring of flight
 s - a +4 ring of evasion
 u - a ring of protection from cold (right hand)
 y - a ring of protection from fire
 A - an amulet of magic regeneration
Scrolls
 i - a scroll of blinking
 k - 2 scrolls of vulnerability
 v - a scroll of enchant weapon {unknown}
Potions
 e - 2 potions of heal wounds
 f - 5 potions of haste
 g - 4 potions of magic
 h - a potion of berserk rage
 l - a potion of curing
 o - 4 potions of flight
 q - a potion of might {unknown}
 r - 2 potions of degeneration {unknown}
 t - 4 potions of resistance
 w - a potion of ambrosia {unknown}
 x - a potion of invisibility {unknown}
 z - a potion of brilliance {unknown}
Miscellaneous
 c - a piece from Xom's chessboard (13/15) (quivered)


   Skills:
 + Level 9.3 Fighting
 + Level 6.5 Short Blades
 + Level 9.3 Long Blades
 + Level 6.5 Axes
 + Level 6.5 Maces & Flails
 + Level 6.5 Polearms
 + Level 6.5 Staves
 + Level 6.5 Ranged Weapons
 + Level 6.5 Throwing
 + Level 8.0 Armour
 + Level 7.0 Dodging
 + Level 6.5 Stealth
 + Level 6.5 Shields
 + Level 6.5 Unarmed Combat
 + Level 6.5 Spellcasting
 + Level 5.3 Conjurations
 + Level 5.3 Hexes
 + Level 5.3 Summonings
 + Level 5.3 Necromancy
 + Level 5.3 Translocations
 + Level 5.3 Transmutations
 + Level 5.3 Fire Magic
 + Level 5.3 Ice Magic
 + Level 5.3 Air Magic
 + Level 5.3 Earth Magic
 + Level 5.3 Poison Magic
 + Level 7.1 Invocations
 + Level 6.5 Evocations


You had 10 spell levels left.
You knew the following spells:

 Your Spells              Type           Power      Damage    Failure   Level
a - Fireball              Conj/Fire      15%        3d8       47%         5
b - Freezing Cloud        Conj/Ice/Air   10%        6-21      47%         5

Your spell library contained the following spells:

 Spells                   Type           Power      Damage    Failure   Level
 Scorch                   Fire           62%        2d8       3%          2
 Ignite Poison            Fire/Tmut/Pois 31%        N/A       6%          3
 Mephitic Cloud           Conj/Pois/Air  21%        N/A       6%          3
 Conjure Ball Lightning   Conj/Air       10%        3x3d6     96%         6
 Starburst                Conj/Fire      15%        6d6       96%         6
 Summon Cactus Giant      Summ           10%        N/A       96%         6
 Spellforged Servitor     Conj/Summ      10%        N/A       100%        7
 Discord                  Hex            10%        N/A       100%        8
 Disjunction              Tloc           10%        N/A       100%        8
 Ignition                 Fire           15%        3d6       100%        8


Dungeon Overview and Level Annotations

Branches:
Dungeon (1/1)

Altars:
Cheibriados
Dithmenos
Elyvilon
Fedhas
Gozag
Hepliaklqana
Kikubaaqudgha
Makhleb
Nemelex Xobeh
Okawaru
Qazlal
Ru
Sif Muna
Trog
Uskayaw
Vehumet
Wu Jian
Xom
Yredelemnul
Zin
The Shining One
Jiyva
Lugonu

Shops:
D :[!?!!=[(==[:?!

Annotations:
D exclusions: ice statue and oklob plant


Innate Abilities, Weirdness & Mutations

You have very sharp teeth.
Your uncanny sense of smell can sniff out nearby items.
Your experience applies equally to all skills.


Message History

You miscast Freezing Cloud.
You are lightly contaminated with residual magic.
You are covered in a thin layer of ice!
* * * LOW HITPOINT WARNING * * *
The hornet closely misses you.
The yaktaur shoots a bolt.
The bolt barely misses you.
You feel much better. The hornet barely misses you.
The yaktaur shoots a bolt.
The bolt misses you.
Casting: Freezing Cloud (quite dangerous; 47% risk of failure)
Confirm with . or Enter, or press ? or * to list all spells.
The spell is quite dangerous to miscast (47% risk of failure)!
Continue anyway?
Aiming: Freezing Cloud (quite dangerous; 47% risk of failure)
Press: ? - help, Dir - move target "Serve the toy, my child!"
The hornet stings you!
You are poisoned.
You feel yourself slow down. The hornet closely misses you.
The yaktaur shoots a bolt.
The bolt hits your iron imp!!
Your iron imp dies!
Your iron imp disappears in a puff of smoke!
You hit the hornet but do no damage.
The hornet seems to speed up.
The hornet is moderately wounded.
You feel very sick. The hornet completely misses you.
The hornet stings you but does no damage.
The yaktaur shoots a bolt.
The bolt closely misses you. The hornet stings you!
You feel as though you will be slow longer.
You hit the hornet. You freeze the hornet.
The hornet is moderately wounded.
You feel sick. The hornet stings you!
* * * LOW HITPOINT WARNING * * *
You are more poisoned.
You feel as though you will be slow longer.
The hornet stings you.
* * * LOW HITPOINT WARNING * * *
You feel as though you will be slow longer.
The polar bear is engulfed in a cloud of scalding steam.
The yaktaur shoots a bolt.
The bolt hits you!
You die...
Xom titters!

.#.####§≈.....≈#'########+###.w≈≈
##†.#≈≈§§≈§≈..≈#°...._..#S§§##≈≈≈
#..##≈≈§≈≈§≈§.≈#h..._._.#S≈§≈####
#+##≈≈≈§≈≈§≈≈≈≈#...c._._#≈§§§≈#*∆
≈≈≈≈≈≈≈≈§≈≈≈≈≈≈#.§§._._.#≈≈§≈≈≈ ∆
+#+++#≈§≈≈§≈≈§h#☼§☼_._._#§§§≈≈§ ∆
○...,##≈≈≈###§≈#§§☼._._.#§≈≈≈≈S*∆
.○....##≈≈#∆#≈≈#y_.§._._#≈≈≈ ≈≈
.8.°...+≈§#+#≈§#@._._...#≈≈ ≈* **
....°.##≈≈≈≈≈≈≈##########≈ ≈≈* ,,
.....##* #######≈≈≈≈≈≈≈≈≈≈ ≈≈ ,,
#+####≈≈ ≈≈SS###≈########≈* ****
* **≈≈≈≈§≈○SS##≈#∆∆∆∆∆∆*** ,≈ ≈
,,, ≈ ≈≈≈§≈≈°≈+≈#∆∆∆∆∆∆* ≈ ≈
**,** ≈≈≈§§§≈≈####∆∆∆∆∆∆ ≈,≈≈≈≈≈≈
, ,,* ≈≈≈°§§§#****∆∆∆∆∆∆* ,≈ ≈≈≈≈
* , * * *** , ,,,,, * *,, ≈,


You could see 2 polar bears, a yaktaur, a hornet (fast) and 4 lava snakes.

Vanquished Creatures
  A merfolk siren (D)
  A blink frog (D)
  Menkaure (D)
  A water moccasin (D)
  4 scorpions (D)
  3 worms (D)
11 creatures vanquished.

Vanquished Creatures (others)
  18 tentacles (D)
18 creatures vanquished.

Grand Total: 29 creatures vanquished

Notes
Turn   | Place    | Note
-------+----------+-------------------------------------------
     0 | D        | Hipnos the Gnoll Chaos Knight began the quest for the Orb.
     0 | D        | Reached XP level 1. HP: 23/23 MP: 1/1
     1 | D        | Noticed a merfolk siren
     1 | D        | XOM: potion effect (might)
     3 | D        | XOM: silly message
     5 | D        | Killed a merfolk siren
     6 | D        | Reached skill level 5 in Dodging
     6 | D        | Reached skill level 5 in Invocations
     6 | D        | Reached XP level 2. HP: 32/32 MP: 1/7
     6 | D        | Reached XP level 3. HP: 37/37 MP: 1/9
     6 | D        | Reached XP level 4. HP: 44/44 MP: 1/10
     6 | D        | Reached XP level 5. HP: 49/49 MP: 1/12
     6 | D        | Reached XP level 6. HP: 56/56 MP: 1/13
    87 | D        | XOM: silly message
    92 | D        | Reached skill level 5 in Short Blades
    92 | D        | Reached skill level 5 in Axes
    92 | D        | Reached skill level 5 in Maces & Flails
    92 | D        | Reached skill level 5 in Polearms
    92 | D        | Reached skill level 5 in Staves
    92 | D        | Reached skill level 5 in Ranged Weapons
    92 | D        | Reached skill level 5 in Throwing
    92 | D        | Reached skill level 5 in Stealth
    92 | D        | Reached skill level 5 in Shields
    92 | D        | Reached skill level 5 in Unarmed Combat
    92 | D        | Reached skill level 5 in Spellcasting
    92 | D        | Reached skill level 5 in Evocations
    95 | D        | Reached XP level 7. HP: 63/63 MP: 12/14
    98 | D        | XOM: silly message
   134 | D        | Noticed a boulder beetle
   134 | D        | Noticed a boulder beetle
   199 | D        | Found Beckae's Magic Scroll Emporium.
   199 | D        | Found Taclirr's Jewellery Shoppe.
   199 | D        | Found Seriusch's Antique Weapon Emporium.
   199 | D        | Found Ishrokk's Armour Shoppe.
   199 | D        | Found Igahofe's Antique Armour Shoppe.
   199 | D        | Found Efon's Jewellery Emporium.
   200 | D        | Found Zauky's Distillery.
   200 | D        | Found Xaohua's Magic Scroll Emporium.
   200 | D        | Found Xooceth's Distillery.
   200 | D        | Found Ceogan's Jewellery Emporium.
   201 | D        | Found Inyckugu's Distillery.
   201 | D        | Found Ewuwyov Kol's Antique Armour Emporium.
   202 | D        | Found Yqafium's Book Shoppe.
   202 | D        | Found Misuiw's Distillery.
   202 | D        | Noticed Menkaure
   202 | D        | Noticed a shining eye
   205 | D        | Noticed a shining eye
   205 | D        | Noticed a shining eye
   205 | D        | Noticed an oklob plant
   206 | D        | Found Riefuf's Book Shoppe.
   208 | D        | Noticed an iron elemental
   209 | D        | Bought a book of Fire for 484 gold pieces
   216 | D        | Learned a level 5 spell: Fireball
   221 | D        | XOM: divination: detect items
   223 | D        | XOM: potion effect (invisibility)
   228 | D        | Killed Menkaure
   234 | D        | Bought a potion of heal wounds for 65 gold pieces
   234 | D        | Bought a potion of heal wounds for 65 gold pieces
   234 | D        | Bought a potion of heal wounds for 65 gold pieces
   252 | D        | Noticed a blink frog
   326 | D        | Killed a blink frog
   327 | D        | Reached skill level 5 in Conjurations
   327 | D        | Reached skill level 5 in Hexes
   327 | D        | Reached skill level 5 in Summonings
   327 | D        | Reached skill level 5 in Necromancy
   327 | D        | Reached skill level 5 in Translocations
   327 | D        | Reached skill level 5 in Transmutations
   327 | D        | Reached skill level 5 in Fire Magic
   327 | D        | Reached skill level 5 in Ice Magic
   327 | D        | Reached skill level 5 in Air Magic
   327 | D        | Reached skill level 5 in Earth Magic
   327 | D        | Reached skill level 5 in Poison Magic
   327 | D        | Reached XP level 8. HP: 55/71 MP: 13/17
   368 | D        | XOM: potion effect (heal wounds)
   722 | D        | Noticed an ice statue
   731 | D        | Found an opulent altar of Gozag.
   732 | D        | Found a blossoming altar of Fedhas.
   733 | D        | Found a white marble altar of Elyvilon.
   733 | D        | Found a burning altar of Makhleb.
   734 | D        | Found a shadowy altar of Dithmenos.
   734 | D        | Found a corrupted altar of Lugonu.
   735 | D        | Found a snail-covered altar of Cheibriados.
   735 | D        | Found an ancient bone altar of Kikubaaqudgha.
   735 | D        | Found a bloodstained altar of Trog.
   736 | D        | Found a viscous altar of Jiyva.
   736 | D        | Found a shimmering blue altar of Sif Muna.
   737 | D        | Found a hazy altar of Hepliaklqana.
   737 | D        | Found a sacrificial altar of Ru.
   738 | D        | Found a stormy altar of Qazlal.
   738 | D        | Found an ornate altar of the Wu Jian Council.
   739 | D        | Found a shimmering altar of Xom.
   739 | D        | Noticed a yaktaur
   739 | D        | Noticed a hornet
   739 | D        | Noticed a polar bear
   746 | D        | Noticed a kraken
  1107 | D        | Got the Textbook on the Volcanoes and the Legion
  1131 | D        | Learned a level 5 spell: Freezing Cloud
  1148 | D        | XOM: silly message
  1175 | D        | XOM: confuse monster(s)
  1206 | D        | XOM: divination: magic mapping
  1208 | D        | XOM: summons 8 friendly demons
  1208 | D        | Noticed a polar bear
  1210 | D        | Found a sparkling altar of Nemelex Xobeh.
  1210 | D        | Found a hide-covered altar of Uskayaw.
  1210 | D        | Found a basalt altar of Yredelemnul.
  1210 | D        | Found a glowing golden altar of the Shining One.
  1211 | D        | Found an iron altar of Okawaru.
  1211 | D        | Found a radiant altar of Vehumet.
  1211 | D        | Found a glowing silver altar of Zin.
  1214 | D        | Noticed a polar bear
  1229 | D        | XOM: summons friendly iron imp
  1231 | D        | Shot with a bolt by a yaktaur

Illustrated notes

Levels and vault maps discovered:
D:        the_violet_keep_of_menkaure [sprint2_stairs_cluster_1,
          sprint2_shoproom, sprint2_temple, sprint2_basic_supplies,
          sprint2_obstacle_2, sprint2_obstacle_5, sprint2_obstacle_7,
          sprint2_obstacle_4, sprint2_obstacle_6, sprint2_timed_cluster_1,
          sprint2_smallroom_cluster_1, sprint2_smallroom_final_cluster_1,
          sprint2_transparent_cluster_1, sprint2_second_timed_cluster_1,
          sprint2_sniper_area_1, sprint2_heavy_combat_area_1,
          sprint2_mutation_trap_area_1, sprint2_forest_area_1,
          sprint2_light_combat_area_1, sprint2_behind_water_1,
          sprint2_near_end_vault_1]

Skill      XL: |  1  2  3  4  5  6  7  8 |
---------------+-------------------------+-----
Fighting       | 8 9 |  9.3
Short Blades   | 4 5 6 |  6.5
Long Blades    | 8 9 |  9.3
Axes           | 4 5 6 |  6.5
Maces & Flails | 4 5 6 |  6.5
Polearms       | 4 5 6 |  6.5
Staves         | 4 5 6 |  6.5
Ranged Weapons | 4 5 6 |  6.5
Throwing       | 4 5 6 |  6.5
Armour         | 6 7 8 |  8.0
Dodging        | 5 6 7 |  7.0
Stealth        | 4 5 6 |  6.5
Shields        | 4 5 6 |  6.5
Unarmed Combat | 4 5 6 |  6.5
Spellcasting   | 4 5 6 |  6.5
Conjurations   | 3 4 5 |  5.3
Hexes          | 3 4 5 |  5.3
Summonings     | 3 4 5 |  5.3
Necromancy     | 3 4 5 |  5.3
Translocations | 3 4 5 |  5.3
Transmutations | 3 4 5 |  5.3
Fire Magic     | 3 4 5 |  5.3
Ice Magic      | 3 4 5 |  5.3
Air Magic      | 3 4 5 |  5.3
Earth Magic    | 3 4 5 |  5.3
Poison Magic   | 3 4 5 |  5.3
Invocations    | 5 6 7 |  7.1
Evocations     | 4 5 6 |  6.5

Action                   |  1- 3 |  4- 6 |  7- 9 || total
-------------------------+-------+-------+-------++-------
Melee: Falchion          |     3 |     8 |    57 ||    68
       Bite              |       |     2 |     5 ||     7
       Punch             |       |       |     2 ||     2
 Cast: Fireball          |       |       |     1 ||     1
       Freezing Cloud    |       |       |     2 ||     2
Evoke: Piece from Xom's  |       |       |     2 ||     2
  Use: Potion            |       |       |     4 ||     4
       Scroll            |       |       |     3 ||     3
 Stab: Sleeping          |       |       |     3 ||     3
       Invisible         |       |       |     1 ||     1
Armor: Leather armour    |       |     3 |    12 ||    15
Dodge: Dodged            |     1 |     4 |    37 ||    42

Table legend: (Time is in decaauts)
 A = Elapsed time spent in this place.
 B = Non-inter-level travel time spent in this place.
 C = Inter-level travel time spent in this place.
 D = Time resting spent in this place.
 E = Time spent auto-exploring this place.
 F = Levels seen in this place.
 G = Mean time per level.
                   A        B        C        D        E       F      G
               +--------+--------+--------+--------+--------+-----+--------+
         Total |   1259 |   1259 |      0 |    747 |      0 |   1 | 1259.0 |
       Dungeon |   1259 |   1259 |      0 |    747 |      0 |   1 | 1259.0 |
               +--------+--------+--------+--------+--------+-----+--------+

Top non-repeatable levels by time:
       D: 1259 daAuts
